 Dungeon Crawl Stone Soup version 0.29.1-2-gbd0b4ee654 (webtiles) character file.

Game seed: 14502777703174775036

55 Avanven the Chopper (level 3, -5/33 HPs)
             Began as a Hill Orc Chaos Knight on Nov 4, 2022.
             Was a Plaything of Xom.
             Slain by Crazy Yiuf
             ... wielding a +4 quarterstaff of chaos
              (12 damage)
             ... on level 2 of the Dungeon.
             The game lasted 00:03:51 (2139 turns).

Avanven the Chopper (Hill Orc Chaos Knight)         Turns: 2139, Time: 00:03:52

Health: -5/33      AC:  6    Str: 16    XL:     3   Next: 93%
Magic:  0/3        EV: 11    Int: 12    God:    Xom [..*...]
Gold:   75         SH:  0    Dex: 10    Spells: 2/2 levels left

rFire   . . .      SeeInvis .   a - +0 hand axe (chaos)
rCold   . . .      Faith    .   (no shield)
rNeg    . . .      Spirit   .   b - +3 leather armour
rPois   .          Reflect  .   (no helmet)
rElec   .          Harm     .   (no cloak)
rCorr   .          Rampage  .   (no gloves)
Will    .....                   (no boots)
Stlth   +.........              (no amulet)
HPRegen 0.11/turn               (no ring)
MPRegen 0.08/turn               (no ring)

@: lethally poisoned (-5 -> -10), hasted, very quick
A: evolution 1
a: Renounce Religion


You were on level 2 of the Dungeon.
You worshipped Xom.
You were a toy of Xom.
You visited 1 branch of the dungeon, and saw 2 of its levels.

You collected 75 gold pieces.

Inventory:

Hand Weapons
 a - a +0 hand axe of chaos (weapon)
 j - a +0 whip of electrocution
Armour
 b - a +3 leather armour (worn)
 n - a +0 kite shield
Scrolls
 f - a scroll of blinking
 k - a scroll of identify
Potions
 e - a potion of berserk rage {unknown}
 g - 2 potions of curing
 i - a potion of heal wounds {unknown}
 m - a potion of degeneration {unknown}
Miscellaneous
 c - a piece from Xom's chessboard (15/15) (quivered)


   Skills:
 - Level 4.1 Fighting
 * Level 5.5 Axes
 - Level 2.2 Armour
 - Level 0.8 Dodging
 + Level 1.0 Shields


You had 2 spell levels left.
You didn't know any spells.
Your spell library contained the following spells:

 Spells                   Type           Power      Damage    Failure   Level
 Confusing Touch          Hex            0%         N/A       77%         3
 Summon Lightning Spire   Summ/Air       0%         N/A       99%         4
 Yara's Violent Unravell  Hex/Tmut       0%         3d3       100%        5
 Enfeeble                 Hex            0%         N/A       100%        7
 Storm Form               Tmut/Air       0%         N/A       100%        7
 Maxwell's Capacitive Co  Air            0%         ∞         100%        8


Dungeon Overview and Level Annotations

Branches:
Dungeon (2/15)

Altars:

Shops:
D:2 !

Annotations:
D:2 Crazy Yiuf


Innate Abilities, Weirdness & Mutations

You have hidden genetic potential.


Message History

You now have 75 gold pieces (gained 9).
You open the door.
Crazy Yiuf screams, "Defame!"
You barely miss Crazy Yiuf. Crazy Yiuf hits you but does no damage.
You hit Crazy Yiuf.
Crazy Yiuf suddenly seems more agile.
Xom is amused.
Crazy Yiuf is moderately wounded.
Crazy Yiuf yells, "Announcement agre cower!"
Crazy Yiuf barely misses you.
You closely miss Crazy Yiuf.
Crazy Yiuf is moderately wounded.
Crazy Yiuf barely misses you.
You closely miss Crazy Yiuf.
Crazy Yiuf is moderately wounded.
Crazy Yiuf barely misses you.
You hit Crazy Yiuf. You burn Crazy Yiuf.
Crazy Yiuf is heavily wounded.
Crazy Yiuf says, "No facts are to me sacred; none are profane; I simply experiment, an endless seeker, with no past at my back."
Crazy Yiuf hits you with a +4 quarterstaff of chaos.
You barely miss Crazy Yiuf.
Crazy Yiuf is heavily wounded.
Crazy Yiuf hits you with a +4 quarterstaff of chaos!
You feel your power leaking away.
You hit Crazy Yiuf.
Crazy Yiuf is heavily wounded.
Crazy Yiuf hits you with a +4 quarterstaff of chaos.
You are poisoned.
You miss Crazy Yiuf.
Crazy Yiuf is heavily wounded.
You feel sick.
Crazy Yiuf hits you with a +4 quarterstaff of chaos!
* * * LOW HITPOINT WARNING * * *
You feel yourself speed up.
Xom thinks this is hilarious!
You barely miss Crazy Yiuf.
Crazy Yiuf is heavily wounded.
* * * LOW HITPOINT WARNING * * *
You feel sick.
Crazy Yiuf hits you with a +4 quarterstaff of chaos!
You die...

# #.###### # ##......#
#####..####.#
....#.### ###
###.#...#
#.....####♣♣♣♣♣
#.#.#.#.....♣.♣♣♣ ###
..#.#......P.♣..♣#...#
###.##....P♣♣♣♣♣@g...#
..#.......P♣ ♣♣#..)#
#.#.....##♣♣ ###
..##.#### .(...#
.##### ....# ._### ###


You could see Crazy Yiuf (agile).

Vanquished Creatures
  3 adders (D:2)
  6 endoplasms
  A goblin (D:1)
  2 hobgoblins (D:1)
  2 quokkas (D:1)
  3 bats (D:1)
  A frilled lizard (D:2)
  7 kobolds
  2 rats
27 creatures vanquished.

Vanquished Creatures (others)
  2 fungi (D:2)
2 creatures vanquished.

Grand Total: 29 creatures vanquished

Notes
Turn   | Place    | Note
-------+----------+-------------------------------------------
     0 | D:1      | Avanven the Hill Orc Chaos Knight began the quest for the
                  | Orb.
     0 | D:1      | Reached XP level 1. HP: 19/19 MP: 1/1
   148 | D:1      | HP: 1/20 [something (2)]
   408 | D:1      | XOM: silly message
   482 | D:1      | Reached XP level 2. HP: 27/27 MP: 2/2
   649 | D:1      | XOM: smoke on damage
   896 | D:1      | XOM: divination: detect creatures
  1104 | D:2      | Reached skill level 5 in Axes
  1104 | D:2      | Reached XP level 3. HP: 13/33 MP: 3/3
  1344 | D:2      | XOM: 9-stop teleportation journey
  1608 | D:2      | XOM: silly message
  1664 | D:2      | XOM: 1-stop teleportation journey
  1718 | D:2      | XOM: confuse monster(s)
  1865 | D:2      | Found a faded altar of an unknown god.
  1873 | D:2      | Reached skill level 1 in Shields
  1894 | D:2      | Found Ibladadd's Distillery.
  1968 | D:2      | XOM: give mutation
  1968 | D:2      | Gained mutation: You have hidden genetic potential. [Xom's
                  | grace]
  2010 | D:2      | XOM: summons 1 hostile shadow creature
  2077 | D:2      | Found a runed translucent door.
  2078 | D:2      | Noticed Crazy Yiuf
  2139 | D:2      | Slain by Crazy Yiuf

Illustrated notes

Levels and vault maps discovered:
D:1:      dpeg_arrival_boxes_within_box, layout_basic
D:2:      layout_basic, basic_ecumenical_altar, serial_shops,
          nicolae_shop_waterfront, uniq_crazy_yiuf_cottage

Skill      XL: |  1  2  3 |
---------------+----------+-----
Fighting       | 4 |  4.1
Axes           | 5 |  5.5
Shields        | 1 |  1.0
Armour         | |  2.2
Dodging        | |  0.8

Action                   || total
-------------------------++-------
Melee: Hand axe          ||    99
  Use: Scroll            ||     6
Armor: Leather armour    ||    34
Dodge: Dodged            ||    43
